 Dungeon Crawl Stone Soup version 0.23.2-1-ga50397a6bc (webtiles) character file.

Game seed: 17750261037315420896

129 Mrkan the Skirmisher (level 5, 0/34 HPs)
             Began as a Gargoyle Fighter on May 19, 2019.
             Slain by Sigmund
             ... wielding a +3 scythe of freezing
              (2 damage)
             ... on level 2 of the Dungeon.
             The game lasted 00:03:57 (1646 turns).

Mrkan the Skirmisher (Gargoyle Fighter)             Turns: 1646, Time: 00:03:57

Health: 0/34       AC: 10    Str: 20    XL:     5   Next: 12%
Magic:  5/5        EV:  7    Int:  8    God:
Gold:   69         SH:  9    Dex: 10    Spells: 4/4 levels left

rFire    . . .     SeeInvis .   a - +0 flail
rCold    . . .     Gourm    .   c - +0 shield
rNeg     + . .     Faith    .   b - +0 scale mail
rPois    ∞         Spirit   .   (no helmet)
rElec    +         Reflect  .   (no cloak)
rCorr    .         Harm     .   (no gloves)
MR       .....                  (no boots)
Stlth    ..........             (no amulet)
HPRegen  0.11/turn              (no ring)
MPRegen  0.09/turn              (no ring)

@: no status effects
A: negative energy resistance 1, electricity resistance, unbreathing,
petrification resistance, rot immunity, AC +4
a: no special abilities


You were on level 2 of the Dungeon.
You were not hungry.

You visited 1 branch of the dungeon, and saw 2 of its levels.

You collected 69 gold pieces.

Inventory:

Hand Weapons
 a - a +0 flail (weapon)
Armour
 b - a +0 scale mail (worn)
 c - a +0 shield (worn)
 g - a scarf of cloud immunity
Jewellery
 h - a +2 ring of dexterity {unknown}
 k - an uncursed ring of protection from cold {unknown}
Scrolls
 e - 3 scrolls of identify {unknown}
 i - 3 scrolls of amnesia {unknown}
Potions
 d - 2 potions of might
 j - a potion of degeneration {unknown}
Comestibles
 f - 5 rations


   Skills:
 + Level 4.4 Fighting
 * Level 4.3 Maces & Flails
 - Level 3.2 Armour
 - Level 3.2 Shields


You had 4 spell levels left.
You didn't know any spells.
Your spell library contained the following spells:

 Spells                   Type           Power        Failure   Level  Hunger
 Magic Dart               Conj           #...         99%         1    ##.....
 Blink                    Tloc           N/A          100%        2    ###....
 Call Imp                 Summ           #.......     100%        2    ###....
 Slow                     Hex            #.......     100%        2    ###....
 Conjure Flame            Conj/Fire      #.......     100%        3    ####...
 Mephitic Cloud           Conj/Pois/Air  #.......     100%        3    ####...


Dungeon Overview and Level Annotations

Branches:
Dungeon (2/15)

Altars:

Annotations:
D:2 Sigmund


Innate Abilities, Weirdness & Mutations

You are resistant to torment.
Your stone body is resilient. (AC +4)
You are immune to poison.
You resist negative energy. (rN+)
You are resistant to electric shocks. (rElec)
You can survive without breathing.
You are immune to petrification.
You are immune to rotting.


Message History

Sigmund shouts!
Sigmund is nearby!
Sigmund says, "Your kind have come here before.
I understand now why.
You desire death..."
Sigmund casts a spell.
Sigmund flickers and vanishes!
Deactivating autopickup; reactivate with Ctrl-A.
Something hits you. Something freezes you.
You hear some strange, mumbled words.
A magic dart appears from out of thin air!
The magic dart hits you but does no damage.
You closely miss something. Something hits you. Something freezes you.
You miss something.
You hear some strange, mumbled words.
A puff of flame appears from out of thin air!
You block the puff of flame.
You barely miss something. Something hits you! Something freezes you.
You closely miss something. Something hits you!
* * * LOW HITPOINT WARNING * * *
Something freezes you.
You die...

#####.....#...
#####>........#...
#.#.#..#......#...
#.#.#.##<.....#...
#.#..........<#...
#.###.###.........
#.# #.# ##........
#.# #.# #........
#@# #.# #......<.
#{# #.####........
#.# #.............
#.########........
#.....# #.........
#####@# #.........
#.# #.#.###### #.#
#.#.....).
####@###.....####


There were no monsters in sight!

Vanquished Creatures
  An orc priest (D:2)
  An orc wizard (D:2)
  An adder (D:2)
  A leopard gecko (D:2)
  3 orcs (D:2)
  6 bats
  A giant cockroach (D:2)
  9 goblins
  4 hobgoblins
  10 jackals
  9 kobolds
  A quokka (D:2)
  6 frilled lizards
  3 rats
56 creatures vanquished.

Notes
Turn   | Place    | Note
-------+----------+-------------------------------------------
     0 | D:1      | Mrkan the Gargoyle Fighter began the quest for the Orb.
     0 | D:1      | Reached XP level 1. HP: 14/14 MP: 1/1
   148 | D:1      | Reached XP level 2. HP: 8/19 MP: 2/2
   572 | D:1      | Reached XP level 3. HP: 24/24 MP: 3/3
  1187 | D:2      | Reached XP level 4. HP: 29/29 MP: 4/4
  1546 | D:2      | Reached XP level 5. HP: 31/34 MP: 5/5
  1626 | D:2      | Noticed Sigmund
  1646 | D:2      | Slain by Sigmund

Skill      XL: |  1  2  3  4 |
---------------+-------------+-----
Maces & Flails | 3 4 |  4.3
Fighting       | 4 |  4.4
Armour         | |  3.2
Shields        | |  3.2

Action                   |  1- 3 |  4- 6 || total
-------------------------+-------+-------++-------
Melee: Flail             |   170 |    28 ||   198
  Eat: Chunk             |     1 |       ||     1
       Ration            |       |     1 ||     1
Armor: Scale mail        |   149 |    15 ||   164
Dodge: Dodged            |    86 |     6 ||    92
Block: Shield            |   134 |    10 ||   144
